 Dungeon Crawl Stone Soup version 0.30.1 (webtiles) character file.

Game seed: 7630137115788318212

77 Elmgren the Caller (level 4, -1/24 HPs)
             Began as a Deep Elf Summoner on July 2, 2023.
             Slain by Sigmund
             ... wielding a +0 scythe
              (8 damage)
             ... on level 2 of the Dungeon.
             The game lasted 00:04:09 (2912 turns).

Elmgren the Caller (Deep Elf Summoner)              Turns: 2912, Time: 00:04:09

Health: -1/24      AC:  8    Str:  5    XL:     4   Next: 14%
Magic:  3/12       EV: 12    Int: 22    God:
Gold:   20         SH:  5    Dex: 15    Spells: 9/12 levels left

rFire   . . .        f - +0 dagger
rCold   . . .        (no shield)
rNeg    . . .        a - +0 robe
rPois   .            d - +2 hat
rElec   .            (no cloak)
rCorr   .            (no gloves)
SInv    .            (no boots)
Will    .....        c - amulet of reflection
Stlth   ++           e - +4 ring of protection
HPRegen 0.24/turn    (no ring)
MPRegen 0.13/turn

%: reflection
@: no status effects
A: no striking features
a: no special abilities


You were on level 2 of the Dungeon.
You visited 1 branch of the dungeon, and saw 2 of its levels.

You collected 20 gold pieces.

Inventory:

Hand Weapons
 f - a +0 dagger (weapon)
Armour
 a - a +0 robe (worn)
 d - a +2 hat (worn)
Jewellery
 c - an amulet of reflection (around neck)
 e - a +4 ring of protection (left hand)
Scrolls
 k - a scroll of fog {unknown}
 l - a scroll of fear {unknown}
Potions
 g - a potion of mutation {unknown}
 h - a potion of haste {unknown}
 i - a potion of heal wounds {unknown}
 j - a potion of curing {unknown}


   Skills:
 - Level 2.4 Dodging
 - Level 2.4 Stealth
 + Level 4.8 Spellcasting
 + Level 5.4 Summonings


You had 9 spell levels left.
You knew the following spells:

 Your Spells              Type           Power      Damage    Failure   Level
a - Summon Small Mammal   Summ           100%       N/A       1%          1
b - Call Imp              Summ           58%        N/A       1%          2

Your spell library contained the following spells:

 Spells                   Type           Power      Damage    Failure   Level
 Call Canine Familiar     Summ           29%        N/A       3%          3
 Summon Guardian Golem    Hex/Summ       17%        N/A       11%         3
 Summon Lightning Spire   Summ/Air       17%        N/A       34%         4


Dungeon Overview and Level Annotations

Branches:
Dungeon (2/15) Zot: 9087

Altars:
Xom

Annotations:
D:2 1 runed translucent door, Crazy Yiuf, Sigmund


Message History

Casting: Summon Small Mammal (safe; 1% risk of failure)
Press: ? - help, Q - select action, (/) - cycle Dir - look around, f - activate Your rat disappears in a puff of smoke!
Something barely misses your rat.
Your quokka closely misses something.
You now have 5/12 mp.
Casting: Summon Small Mammal (safe; 1% risk of failure)
Your rat disappears in a puff of smoke!
Your quokka barely misses something.
Casting: Summon Small Mammal (safe; 1% risk of failure)
Press: ? - help, Q - select action, (/) - cycle Dir - look around, f - activate Your bat disappears in a puff of smoke!
Something hits you.
* * * LOW HITPOINT WARNING * * *
You take 5 damage, and have 3/24 hp.
MASSIVE DAMAGE!!
You now have 3/12 mp.
Casting: Summon Small Mammal (safe; 1% risk of failure)
Your quokka disappears in a puff of smoke!
Casting: Summon Small Mammal (safe; 1% risk of failure)
Press: ? - help, Q - select action, (/) - cycle Dir - look around, f - activate Your quokka disappears in a puff of smoke!
You hear some strange, mumbled words.
A puff of flame appears from out of thin air!
The puff of flame misses your cerulean imp.
The puff of flame misses you.
You now have 1/12 mp.
Casting: Summon Small Mammal (safe; 1% risk of failure)
You miscast Summon Small Mammal.
You are very lightly contaminated with residual magic.
Nothing appears to happen.
Something completely misses you.
You now have 0/12 mp.
Something closely misses your cerulean imp.
Something closely misses your rat.
Your magical contamination has completely faded away.
Something closely misses your cerulean imp.
Something completely misses you. Something barely misses you.
Something hits you.
* * * LOW HITPOINT WARNING * * *
You take 1 damage, and have 6/24 hp.
Something hits you!
You die...

♣♣.♣♣ ♣...♣♣ ♣....♣
#....# ####....#
#####.###...#
##+###r..r......##
##...##5###{###.##
##....@#.# #.....# ###
##....rr5{# ###...# #<.
#.........####....####.#
+...................<(..
#.).......####...#####.#
##.......## ##..# #.#
##.....## ##.# #..
##...## #.. ### ##+##
###


You could see a friendly cerulean imp (summoned), a friendly quokka (summoned)
and a friendly rat (summoned).

Vanquished Creatures
  An endoplasm (D:2)
  A bat (D:2)
2 creatures vanquished.

Vanquished Creatures (collateral kills)
  A hound (D:2)
  2 adders (D:2)
  An adder zombie (D:2)
  2 bat skeletons (D:2)
  5 endoplasms (D:2)
  A goblin (D:1)
  A hobgoblin (D:1)
  2 ball pythons (D:2)
  2 ball python skeletons (D:2)
  A frilled lizard (D:1)
  A giant cockroach zombie (D:2)
  3 kobolds
  A rat (D:2)
23 creatures vanquished.

Grand Total: 25 creatures vanquished

Notes
Turn   | Place    | Note
-------+----------+-------------------------------------------
     0 | D:1      | Elmgren the Deep Elf Summoner began the quest for the Orb.
     0 | D:1      | Reached XP level 1. HP: 10/10 MP: 6/6
  1487 | D:2      | Reached XP level 2. HP: 9/15 MP: 1/8
  1653 | D:2      | Learned a level 2 spell: Call Imp
  1833 | D:2      | Found a shimmering altar of Xom.
  1988 | D:2      | Reached skill level 5 in Summonings
  1988 | D:2      | Reached XP level 3. HP: 18/19 MP: 1/10
  2437 | D:2      | Reached XP level 4. HP: 22/24 MP: 5/12
  2731 | D:2      | Found a runed translucent door.
  2732 | D:2      | Noticed Crazy Yiuf
  2753 | D:2      | Noticed Sigmund
  2912 | D:2      | Slain by Sigmund

Illustrated notes

Levels and vault maps discovered:
D:1:      amcnicky_arrival_feature_with_door, layout_basic,
          chequers_decorated_corner, minmay_misc_feat_chi,
          nicolae_concentric_dashed_squares_wild
D:2:      layout_loops_corners, basic_altar, serial_undead, serial_undead_d,
          serial_undead_b, serial_undead_f, serial_undead_a, serial_undead_f,
          uniq_crazy_yiuf_cottage, uniq_sigmund

Skill      XL: |  1  2 |
---------------+-------+-----
Spellcasting   | 4 |  4.8
Summonings     | 5 |  5.4
Dodging        | |  2.4
Stealth        | |  2.4

Action                     |  1- 3 |  4- 6 || total
---------------------------+-------+-------++-------
  Melee: Dagger            |    11 |    12 ||    23
   Cast: Summon Small Mamm |    62 |    37 ||    99
         Call Imp          |     4 |    10 ||    14
    Use: Scroll            |     2 |       ||     2
         Potion            |       |     1 ||     1
 Armour: Robe              |    21 |    15 ||    36
  Dodge: Dodged            |    33 |    22 ||    55
  Block: Other             |     5 |    10 ||    15
